 Dungeon Crawl Stone Soup version 0.26.1-2-gb8aa6d0 (webtiles) character file.

Game seed: 3894965880549606268

4089 Geeful the Covert (level 10, -16/74 HPs)
             Began as an Octopode Delver on Mar 14, 2021.
             Was a Believer of Vehumet.
             Killed from afar by a manticore (shapeshifter) (21 damage)
             ... with a volley of spikes
             ... on level 9 of the Dungeon.
             The game lasted 00:28:39 (9892 turns).

Geeful the Covert (Octopode Delver)                 Turns: 9892, Time: 00:28:40

Health: -16/74     AC:  5    Str: 12    XL:     10   Next: 26%
Magic:  16/16      EV: 18    Int: 22    God:    Vehumet [**....]
Gold:   420        SH:  0    Dex: 13    Spells: 16/17 levels left

rFire    . . .     SeeInvis .   j - +2 war axe (elec)
rCold    . . .     Faith    .   (no shield)
rNeg     . . .     Spirit   .   (helmet restricted)
rPois    +         Reflect  .   C - amulet of regeneration
rElec    .         Harm     .   h - ring of poison resistance
rCorr    .         Rampage  .   m - +4 ring of protection
Will     .....                  v - +6 ring of intelligence
Stlth    +++++.....             (no ring)
HPRegen  0.62/turn              (no ring)
MPRegen  0.15/turn              (no ring)
                                (no ring)
                                (no ring)

@: barbed spikes, invisible
A: almost no armour, stealthy swim, amphibious, 8 rings, constrict 8, camouflage
1, gelatinous body 1
a: Renounce Religion


You were on level 9 of the Dungeon.
You worshipped Vehumet.
Vehumet was pleased with you.
You visited 2 branches of the dungeon, and saw 10 of its levels.

You collected 420 gold pieces.

Inventory:

Hand Weapons
 j - a +2 war axe of electrocution (weapon)
 F - a +5 hand axe of freezing
 I - a +0 scimitar of flaming
Missiles
 n - a throwing net (quivered)
 G - 21 poisoned darts
Jewellery
 h - a ring of poison resistance (left tentacle)
 m - a +4 ring of protection (right tentacle)
 q - an uncursed amulet of magic regeneration
 v - a +6 ring of intelligence (on tentacle)
 C - an amulet of regeneration (around mantle)
Wands
 f - a wand of digging (2)
 y - a wand of flame (7)
 A - a wand of polymorph (9)
 E - a wand of iceblast (8)
Scrolls
 a - 4 scrolls of teleportation
 b - a scroll of fog
 c - 3 scrolls of magic mapping
 g - 6 scrolls of remove curse
 l - a scroll of enchant weapon
 w - a scroll of immolation
 J - a scroll of amnesia
Potions
 e - 2 potions of haste
 i - 2 potions of heal wounds {unknown}
 k - 2 potions of lignification {unknown}
 o - 3 potions of curing
 p - a potion of might
 r - a potion of resistance {unknown}
 s - 3 potions of cancellation
 t - a potion of flight {unknown}
 u - a potion of berserk rage {unknown}
 z - a potion of invisibility
 B - a potion of ambrosia {unknown}
 D - a potion of mutation {unknown}
 H - a potion of attraction {unknown}


   Skills:
 + Level 9.0 Fighting
 - Level 2.0 Short Blades
 + Level 8.7 Dodging
 - Level 10.0 Stealth
 + Level 4.0 Spellcasting
 + Level 4.3 Conjurations


You had 16 spell levels left.
You knew the following spells:

 Your Spells              Type           Power        Failure   Level
a - Magic Dart            Conj           92%          1%          1

Your spell library contained the following spells:

 Spells                   Type           Power        Failure   Level
 Sandblast                Erth           8%           11%         1


Dungeon Overview and Level Annotations

Branches:
Dungeon (9/15)             Temple (1/1) D:5
   Lair: D:8-11         Orc: D:9-12

Altars:
Ashenzari
Cheibriados
Dithmenos
Elyvilon
Fedhas
Gozag
Hepliaklqana
Kikubaaqudgha
Makhleb
Nemelex Xobeh
Okawaru
Qazlal
Ru
Sif Muna
Trog
Uskayaw
Vehumet
Wu Jian
Xom
Yredelemnul
Zin
The Shining One

Shops:
D:7 *


Innate Abilities, Weirdness & Mutations

You cannot wear most types of armour.
You are very stealthy in the water. (Stealth+)
You are amphibious.
You can wear up to eight rings at the same time.
You can use your tentacles to constrict eight enemies at once.
Your skin changes colour to match your surroundings (Stealth+).
Your rubbery body absorbs attacks. (AC +1, EV +1)


Message History

You are too injured to fight recklessly!
You release your grip on the swamp worm.
The swamp worm fires a harpoon shot at you.
The harpoon shot hits you!
* * * LOW HITPOINT WARNING * * *
You are yanked forward by the harpoon shot.
As you read the scroll of fear, it crumbles to dust.
You assume a fearsome visage.
The swamp worm looks frightened!
The swamp worm changes into a manticore!
The manticore flicks its tail.
The volley of spikes hits you.
The barbed spikes become lodged in your body.
* * * LOW HITPOINT WARNING * * *
The barbs in your skin will harm you if you move.
Continue?
Okay, then.
You fade into invisibility!
The manticore flicks its tail.
The volley of spikes hits you!!
The barbed spikes become lodged in your body.
You die...

#################################
.................................
....######...####.....#####......
#..)# #...# #....!# .....# #...#
#...# #.<...# ......
....######...####.....# ......
......................## ......
#'##########....@....... ......
...........#....####.#### ######
...........#.H..# #.+
...........#....####.#
...........'.........#
...........#.........#
...........#.........#
..####.....#.........#
######.....#####+#####


You could see a manticore shaped shifter.

Vanquished Creatures
  Erica (D:8)
  Maggie (D:8)
  An orc warrior (D:8)
  2 ice beasts
  2 sky beasts
  2 phantoms
  3 centaurs
  2 ogres
  3 bullfrogs
  4 scorpions
  3 wights (D:6)
  A crimson imp (D:5)
  10 howler monkeys
  2 bullfrog zombies
  2 orc priests
  A gnoll shaman (D:8)
  5 hounds
  2 bullfrog skeletons
  4 iguanas
  Crazy Yiuf (D:6)
  2 orc wizards (D:8)
  Natasha (thrice) (D:4)
  10 worker ants
  A howler monkey zombie (D:8)
  7 gnolls
  11 adders
  4 shadow imps
  A white imp (D:6)
  An ufetubus (D:8)
  2 oozes
  4 worms
  2 dart slugs
  4 leopard geckos
  17 orcs
  6 bats
  9 giant cockroaches
  11 goblins
  9 hobgoblins
  14 jackals
  7 quokkas
  A ball python (D:8)
  6 frilled lizards
  A jackal skeleton (D:4)
  2 jackal zombies
  6 kobolds
  3 rats
196 creatures vanquished.

Notes
Turn   | Place    | Note
-------+----------+-------------------------------------------
     0 | D:5      | Geeful the Octopode Delver began the quest for the Orb.
     0 | D:5      | Reached XP level 1. HP: 16/16 MP: 1/1
   146 | D:6      | Noticed an orc priest
   226 | D:5      | Noticed an ice beast
   231 | D:5      | Noticed a hound
   231 | D:5      | Noticed a scorpion
   356 | D:4      | Reached XP level 2. HP: 21/21 MP: 2/2
   386 | D:4      | Noticed a scorpion
   403 | D:4      | Reached skill level 7 in Stealth
   403 | D:4      | Reached XP level 3. HP: 20/26 MP: 3/3
   708 | D:4      | Found a shimmering blue altar of Sif Muna.
  1001 | D:1      | Reached XP level 4. HP: 32/32 MP: 4/4
  1905 | D:2      | Found a shimmering altar of Xom.
  1906 | D:2      | Found a hazy altar of Hepliaklqana.
  1907 | D:2      | Noticed a spectral ugly thing
  2098 | D:2      | Reached XP level 5. HP: 37/37 MP: 5/5
  2640 | D:3      | Found a broken altar of Ashenzari.
  2952 | D:3      | You fall into a shaft and drop 1 floor!
  3031 | D:3      | Reached skill level 8 in Stealth
  3557 | D:4      | Noticed Natasha
  3562 | D:4      | Killed Natasha
  3563 | D:4      | Reached XP level 6. HP: 44/44 MP: 6/6
  3636 | D:4      | Noticed Natasha
  3638 | D:4      | Killed Natasha
  4085 | D:4      | Noticed Natasha
  4093 | D:4      | Killed Natasha
  4181 | D:4      | Found a shimmering blue altar of Sif Muna.
  4237 | D:4      | Reached skill level 5 in Fighting
  4237 | D:4      | Reached skill level 9 in Stealth
  4237 | D:4      | Reached XP level 7. HP: 21/50 MP: 7/7
  4952 | D:5      | Reached skill level 5 in Dodging
  5251 | D:5      | Found a staircase to the Ecumenical Temple.
  5259 | Temple   | Entered the Ecumenical Temple
  5615 | D:5      | Reached XP level 8. HP: 57/57 MP: 8/8
  5817 | D:5      | Found a burning altar of Makhleb.
  5818 | D:5      | Found a radiant altar of Vehumet.
  5826 | D:5      | Became a worshipper of Vehumet
  6085 | D:6      | Reached skill level 10 in Stealth
  6167 | D:6      | Found a hide-covered altar of Uskayaw.
  6819 | D:6      | Found a glowing silver altar of Zin.
  6835 | D:6      | Found a runed translucent door.
  6836 | D:6      | Noticed Crazy Yiuf
  6843 | D:6      | Killed Crazy Yiuf
  7062 | D:7      | Reached XP level 9. HP: 49/64 MP: 9/9
  7241 | D:7      | Reached * piety under Vehumet
  7241 | D:7      | Offered knowledge of Magic Dart by Vehumet.
  7244 | D:7      | Learned a level 1 spell: Magic Dart
  7360 | D:7      | Found a snail-covered altar of Cheibriados.
  7530 | D:7      | Found a glowing golden altar of the Shining One.
  7542 | D:7      | Reached skill level 1 in Conjurations
  7575 | D:7      | Reached skill level 1 in Spellcasting
  8038 | D:7      | Found Weliep's General Store.
  8132 | D:7      | Found a stormy altar of Qazlal.
  8496 | D:7      | Found an ornate altar of the Wu Jian Council.
  8640 | D:8      | Found a sacrificial altar of Ru.
  9011 | D:8      | Offered knowledge of Sandblast by Vehumet.
  9015 | D:8      | Reached ** piety under Vehumet
  9075 | D:8      | Noticed Maggie
  9088 | D:8      | Killed Maggie
  9165 | D:8      | Reached XP level 10. HP: 73/73 MP: 14/14
  9278 | D:8      | Noticed Erica
  9289 | D:8      | Killed Erica
  9611 | D:9      | Noticed a fire crab
  9889 | D:9      | Noticed a manticore
  9889 | D:9      | a swamp worm changed into a manticore
  9892 | D:9      | Killed from afar by a manticore (shapeshifter)

Illustrated notes

Levels and vault maps discovered:
D:1:      matt_arrival_diagonals, layout_loops_ring, minmay_worlds_worst_comb
D:2:      layout_basic, regret_index_temple_of_mockery
D:3:      layout_basic, nicolae_overflow_crystal_walls
D:4:      layout_basic, lemuel_crystal_altar, lemuel_blue_sif_altar,
          uniq_natasha
D:5:      layout_basic, grunt_temple_overflow_lords_of_destruction,
          minmay_temple_entry_wispy
D:6:      layout_loops_ring, marbit_many_paths, general_overflow_altar,
          feat_on_display, uniq_crazy_yiuf_cottage
D:7:      layout_layer_cave, lemuel_doored_altar, lemuel_coloured_pillars_altar,
          minitemple, serial_shops, kennysheep_mini_moat
D:8:      layout_basic, nicolae_ru_great_annihilating_truth, uniq_maggie,
          uniq_erica
D:9:      layout_stronghold
Temple:   compressed_dpeg_triangle_lava_temple

Skill      XL: |  1  2  3  4  5  6  7  8  9 10 |
---------------+-------------------------------+-----
Stealth        | 7 8 9 10 | 10.0
Dodging        | 3 4 5 7 8 |  8.7
Fighting       | 4 5 7 8 9 |  9.0
Conjurations   | 3 4 |  4.3
Spellcasting   | 3 4 |  4.0
Short Blades   | |  2.0

Action                   |  1- 3 |  4- 6 |  7- 9 | 10-12 || total
-------------------------+-------+-------+-------+-------++-------
Melee: Short sword       |     8 |       |       |       ||     8
       Tentacles         |     2 |    24 |    42 |     1 ||    69
       Constrict         |     3 |    31 |    52 |     4 ||    90
       War axe           |    14 |   120 |   220 |    20 ||   374
       Unarmed           |       |       |     1 |       ||     1
       Hand axe          |       |       |    10 |       ||    10
Throw: Throwing net      |       |       |     1 |       ||     1
 Cast: Magic Dart        |       |       |     2 |       ||     2
Evoke: Wand              |       |       |     8 |       ||     8
  Use: Scroll            |       |     6 |     8 |     2 ||    16
       Potion            |       |       |     2 |     3 ||     5
 Stab: Sleeping          |     7 |    25 |    22 |     2 ||    56
       Distracted        |       |     1 |       |       ||     1
       Invisible         |       |       |     1 |     4 ||     5
       Paralysed         |       |       |     1 |       ||     1
Armor: Skin              |     2 |    22 |    33 |     5 ||    62
Dodge: Dodged            |    13 |    88 |   203 |    12 ||   316
